 Dungeon Crawl Stone Soup version 0.28-a0-863-g8cecda6153 (webtiles) character file.

Game seed: 3625805437544611916

1474 gigimoi the Grave Robber (level 8, 0/52 HPs)
             Began as a Mummy Necromancer on Nov 18, 2021.
             Slain by a killer bee (3 damage)
             ... on level 7 of the Dungeon.
             The game lasted 00:35:27 (8828 turns).

gigimoi the Grave Robber (Mummy Necromancer)        Turns: 8828, Time: 00:35:27

Health: 0/52       AC:  8    Str: 11    XL:     8   Next: 49%
Magic:  12/15      EV: 12    Int: 23    God:
Gold:   463        SH:  0    Dex: 12    Spells: 4/17 levels left

rFire   x . .      SeeInvis .   h - +1 mace (protect)
rCold   + . .      Faith    .   (no shield)
rNeg    + + +      Spirit   .   a - +0 robe
rPois   ∞          Reflect  .   (no helmet)
rElec   .          Harm     .   (no cloak)
rCorr   .          Rampage  .   n - +1 pair of gloves
Will    +....                   (no boots)
Stlth   +++.......              i - amulet of regeneration
HPRegen 1.17/turn               g - +4 ring of protection
MPRegen 0.14/turn               l - +6 ring of intelligence

@: no status effects
A: cold resistance 1, negative energy resistance 3, torment resistance 2, heat
vulnerability 1, no potions
a: no special abilities


You were on level 7 of the Dungeon.
You visited 1 branch of the dungeon, and saw 8 of its levels.

You collected 463 gold pieces.

Inventory:

Hand Weapons
 h - a +1 mace of protection (weapon)
Armour
 a - a +0 robe (worn)
 n - a +1 pair of gloves (worn)
Jewellery
 g - a +4 ring of protection (left hand)
 i - an amulet of regeneration (around neck)
 l - a +6 ring of intelligence (right hand)
 m - a ring of ice
Scrolls
 d - 3 scrolls of amnesia
 e - 2 scrolls of teleportation
 k - a scroll of noise
 o - a scroll of vulnerability
 p - a scroll of fog
Potions
 f - 2 potions of heal wounds {unknown}


   Skills:
 + Level 3.3 Dodging
 - Level 4.7 Stealth
 + Level 5.3 Spellcasting
 - Level 5.5 Necromancy
 - Level 3.6 Transmutations
 * Level 0.4 Fire Magic
 * Level 0.4 Air Magic
 - Level 3.5 Poison Magic


You had 4 spell levels left.
You knew the following spells:

 Your Spells              Type           Power      Damage    Failure   Level
a - Pain                  Necr           100%       1d9       1%          1
b - Animate Skeleton      Necr           62%        N/A       1%          1
c - Sting                 Tmut/Pois      88%        1d7       1%          1
d - Poisonous Vapours     Pois/Air       30%        N/A       6%          2
e - Vampiric Draining     Necr           31%        2d8       2%          3
f - Blink                 Tloc           12%        N/A       14%         2
g - Inner Flame           Hex/Fire       7%         N/A       26%         3

Your spell library contained the following spells:

 Spells                   Type           Power      Damage    Failure   Level
 Slow                     Hex            24%        N/A       10%         1
 Animate Dead             Necr           15%        N/A       10%         4
 Olgreb's Toxic Radiance  Pois           22%        N/A       22%         4
 Confusing Touch          Hex            6%         N/A       28%         3
 Ozocubu's Armour         Ice            6%         N/A       28%         3
 Portal Projectile        Hex/Tloc       12%        N/A       28%         3
 Cause Fear               Hex            3%         N/A       67%         4
 Fulminant Prism          Conj/Hex       3%         3d6       67%         4
 Agony                    Necr           31%        N/A       26%         5
 Manifold Assault         Tloc           6%         N/A       95%         5
 Metabolic Englaciation   Hex/Ice        3%         N/A       95%         5
 Simulacrum               Ice/Necr       9%         N/A       99%         6
 Storm Form               Tmut/Air       Unusable   N/A       N/A         7

Dungeon Overview and Level Annotations

Branches:
Dungeon (8/15)
 Temple: D:4-7         Lair: D:8-11

Altars:

Shops:
D:1 *

Portals:
Abyss: D:4

Annotations:
D:4 2 transporters, ytrimaz's ghost, novice DsFi
D:7 1 runed translucent door, Crazy Yiuf


Innate Abilities, Weirdness & Mutations

You are immune to poison.
Your flesh is cold resistant. (rC+)
You are immune to negative energy. (rN+++)
You are immune to unholy pain and torment.
You are vulnerable to heat. (rF-)
You do not drink.


Message History

The killer bee closely misses you. The killer bee stings you. x3
You closely miss the killer bee.
The killer bee is severely wounded.
You kill the killer bee!
The killer bee stings you. x2
The killer bee stings you but does no damage.
The killer bee stings you.
The killer bee stings you but does no damage.
You barely miss the killer bee. The killer bee closely misses you.
The killer bee stings you. x2; The killer bee closely misses you.
The killer bee stings you.
The killer bee stings you but does no damage.
You closely miss the killer bee.
The killer bee stings you but does no damage.
The killer bee barely misses you. The killer bee stings you.
The killer bee barely misses you.
You miss the killer bee. The killer bee barely misses you.
The killer bee stings you.
* * * LOW HITPOINT WARNING * * *
The killer bee barely misses you.
The killer bee stings you but does no damage.
The killer bee barely misses you. The killer bee misses you.
You closely miss the killer bee. The killer bee stings you.
* * * LOW HITPOINT WARNING * * *
The killer bee barely misses you. The killer bee misses you.
The killer bee stings you but does no damage.
The killer bee closely misses you. The killer bee misses you.
You barely miss the killer bee. The killer bee stings you.
* * * LOW HITPOINT WARNING * * *
The killer bee stings you.
* * * LOW HITPOINT WARNING * * *
The killer bee misses you.
The killer bee stings you but does no damage.
The killer bee closely misses you. The killer bee barely misses you.
As you read the scroll labelled WUMMEKHL XAHIVO, it crumbles to dust.
The creatures around you are filled with an inner flame!
It was a scroll of immolation.
The killer bee stings you.
* * * LOW HITPOINT WARNING * * *
The killer bee barely misses you. The killer bee stings you.
You die...

#.######
#....
#......#
#....
######.#
##... #.#
##.#
######.####
##.
#y........#
#.#
#y####.####
##.# #y#
#.# #.##
#@# #.# #+#
#y# ..# ...
#.# .##
#...# #.# .
#)..# #.#
#. #####
#.# #.# #..


You could see 4 killer bees.

Vanquished Creatures
  Pargi (D:4)
  2 ice beasts (D:5)
  3 black bears
  A centaur (D:6)
  2 phantoms (D:6)
  2 scorpions (D:5)
  A water moccasin zombie (D:6)
  A killer bee (D:7)
  A bullfrog zombie (D:6)
  2 gnoll shamans (D:5)
  2 centaur skeletons
  3 iguanas
  An orc wizard (D:5)
  A hound skeleton (D:4)
  A mummy (D:7)
  6 adders
  6 gnolls
  2 worms
  4 dart slugs
  5 orcs
  8 ball pythons
  10 endoplasms
  3 giant cockroaches
  5 goblins
  6 hobgoblins
  6 jackals
  5 kobolds
  2 quokkas
  7 bats
  5 frilled lizards
  7 rats
111 creatures vanquished.

Vanquished Creatures (collateral kills)
  An endoplasm (D:4)
  A goblin (D:3)
2 creatures vanquished.

Vanquished Creatures (others)
  20 plants (D:5)
  A withered plant (D:7)
21 creatures vanquished.

Grand Total: 134 creatures vanquished

Notes
Turn   | Place    | Note
-------+----------+-------------------------------------------
     0 | D:1      | gigimoi the Mummy Necromancer began the quest for the Orb.
     0 | D:1      | Reached XP level 1. HP: 13/13 MP: 4/4
   307 | D:1      | Reached XP level 2. HP: 19/19 MP: 3/6
   338 | D:1      | Learned a level 1 spell: Animate Skeleton
  1008 | D:1      | Learned a level 1 spell: Sting
  1055 | D:2      | Reached XP level 3. HP: 9/24 MP: 2/7
  1573 | D:1      | Found Luso's General Store.
  2869 | D:3      | Found a faded altar of an unknown god.
  2886 | D:3      | Reached XP level 4. HP: 30/30 MP: 1/9
  4190 | D:4      | Found a transporter.
  4204 | D:4      | Found a transporter.
  4366 | D:4      | Noticed Pargi
  4390 | D:4      | Killed Pargi
  4391 | D:4      | Reached skill level 1 in Transmutations
  4391 | D:4      | Reached skill level 1 in Poison Magic
  4391 | D:4      | Reached XP level 5. HP: 15/35 MP: 0/10
  4991 | D:4      | Reached XP level 6. HP: 41/41 MP: 4/12
  5449 | D:4      | Found a one-way gate to the infinite horrors of the Abyss.
  5449 | D:4      | Noticed ytrimaz's ghost (novice DsFi)
  5571 | D:5      | Entered Level 5 of the Dungeon
  5900 | D:5      | Noticed an ice beast
  5913 | D:5      | Killed an ice beast
  5957 | D:5      | Noticed an ice beast
  6259 | D:5      | Reached XP level 7. HP: 46/46 MP: 7/13
  6443 | D:5      | Learned a level 2 spell: Poisonous Vapours
  6447 | D:5      | Learned a level 3 spell: Vampiric Draining
  6522 | D:5      | Reached skill level 5 in Necromancy
  7366 | D:6      | Learned a level 2 spell: Blink
  7411 | D:6      | Reached XP level 8. HP: 48/52 MP: 8/15
  7577 | D:6      | Reached skill level 5 in Spellcasting
  8504 | D:7      | Identified a scroll of acquirement
  8507 | D:7      | Acquired Nacruux's Catalogue of the Oath
  8513 | D:7      | Learned a level 3 spell: Inner Flame
  8719 | D:7      | Found a runed translucent door.
  8720 | D:7      | Noticed Crazy Yiuf
  8828 | D:7      | Slain by a killer bee

Illustrated notes

Levels and vault maps discovered:
D:1:      matt_arrival_spirals, layout_basic, serial_shops, shop_statue
D:2:      layout_loops_cross, minmay_misc_feat_four_crosses
D:3:      layout_basic, hellmonk_ecumenical_altar_pennies_from_heaven,
          kennysheep_generic_room_5
D:4:      layout_loops_ring, gammafunk_ghost_abyssal_escape, minmay_ruptured,
          uniq_pargi
D:5:      layout_loops_ring, grunt_ministairs_13, nicolae_grassy_gnolls
D:6:      layout_loops_cross
D:7:      layout_loops_ring, minmay_temple_entry_fiery, serial_undead,
          serial_undead_c, serial_undead_e, serial_undead_c, serial_undead_d,
          serial_undead_a, eino_small_chamber_without_monster,
          lemuel_flame_loot_1, uniq_crazy_yiuf_cottage
D:8:      layout_layer_cave, hangedman_ru_absence

Skill      XL: |  1  2  3  4  5  6  7  8 |
---------------+-------------------------+-----
Spellcasting   | 3 4 5 |  5.3
Stealth        | 2 3 4 |  4.7
Dodging        | 2 3 |  3.3
Transmutations | 1 2 3 |  3.6
Poison Magic   | 1 2 3 |  3.5
Necromancy     | 5 |  5.5
Fire Magic     | |  0.4
Air Magic      | |  0.4

Action                   |  1- 3 |  4- 6 |  7- 9 || total
-------------------------+-------+-------+-------++-------
Melee: Unarmed           |     3 |       |       ||     3
       Short sword       |     8 |       |       ||     8
       Mace              |       |    14 |    59 ||    73
 Cast: Pain              |   107 |    88 |    57 ||   252
       Animate Skeleton  |     9 |    10 |     4 ||    23
       Sting             |    10 |    42 |    55 ||   107
       Poisonous Vapours |       |       |    17 ||    17
       Blink             |       |       |     3 ||     3
       Inner Flame       |       |       |     2 ||     2
  Use: Scroll            |     1 |       |     7 ||     8
 Stab: Distracted        |       |       |     1 ||     1
Armor: Robe              |    13 |    40 |    70 ||   123
Dodge: Dodged            |    37 |    56 |   115 ||   208

Table legend: (Time is in decaauts)
 A = Elapsed time spent in this place.
 B = Non-inter-level travel time spent in this place.
 C = Inter-level travel time spent in this place.
 D = Time resting spent in this place.
 E = Time spent auto-exploring this place.
 F = Levels seen in this place.
 G = Mean time per level.
                   A        B        C        D        E       F      G
               +--------+--------+--------+--------+--------+-----+--------+
         Total |   8872 |   8481 |    391 |   3439 |   3749 |   8 | 1109.0 |
       Dungeon |   8872 |   8481 |    391 |   3439 |   3749 |   8 | 1109.0 |
               +--------+--------+--------+--------+--------+-----+--------+

Top non-repeatable levels by time:
     D:1: 1745 daAuts
     D:4: 1550 daAuts
     D:5: 1515 daAuts
     D:6: 1419 daAuts
     D:3: 1366 daAuts
     D:2: 961 daAuts
     D:7: 247 daAuts
     D:8: 65 daAuts
